 Dungeon Crawl Stone Soup version 0.32-a0-705-g60f233581c (webtiles) character file.

Game seed: 9917441969623719275

214 BeKind the Trooper (level 5, -3/44 HPs)
             Began as a Barachi Fighter on Mar 15, 2024.
             Killed by divine providence
             ... invoked by an orc priest
              (14 damage)
             ... on level 3 of the Dungeon.
             The game lasted 00:02:13 (2770 turns).

BeKind the Trooper (Barachi Fighter)                Turns: 2770, Time: 00:02:13

Health: -3/44      AC:  7    Str: 19    XL:     5   Next: 91%
Magic:  5/5        EV:  8    Int:  8    God:
Gold:   113        SH:  4    Dex: 12    Spells: 4/4 levels left

rFire   . . .        a - +0 long sword
rCold   . . .        c - +0 buckler
rNeg    . . .        b - +0 scale mail
rPois   .            (no helmet)
rElec   .            (no cloak)
rCorr   .            (no gloves)
SInv    .            (no boots)
Will    .....        (no amulet) Stlth
                     (no ring)
HPRegen 0.27/turn    (no ring)
MPRegen 0.09/turn

%: no passive effects
@: slow
A: amphibious, slowness 1, strong legs 1, +LOS
a: Hop, Convert to Beogh


You were on level 3 of the Dungeon.
You visited 1 branch of the dungeon, and saw 3 of its levels.

You collected 113 gold pieces.

Inventory:

Hand Weapons
 a - a +0 long sword (weapon)
Armour
 b - a +0 scale mail (worn)
 c - a +0 buckler (worn)
Wands
 m - a wand of polymorph (1)
Scrolls
 h - a scroll of acquirement {unknown}
 j - 2 scrolls of enchant armour {unknown}
 k - a scroll of blinking {unknown}
 l - 3 scrolls of identify {unknown}
 n - a scroll of amnesia {unknown}
Potions
 d - a potion of might
 e - a potion of enlightenment {unknown}
 f - a potion of lignification {unknown}
 g - a potion of magic {unknown}
 i - a potion of mutation {unknown}
 o - 2 potions of brilliance {unknown}


   Skills:
 + Level 5.0 Fighting
 + Level 4.1 Long Blades
 + Level 4.9 Armour
 + Level 4.4 Shields


You had 4 spell levels left.
You didn't know any spells.
Your spell library contained the following spells:

 Spells                   Type           Power      Damage    Failure   Level
 Lesser Beckoning         Tloc           0%         N/A       93%         2
 Dazzling Flash           Conj/Hex       0%         N/A       99%         3
 Gell's Gravitas          Tloc           0%         N/A       99%         3
 Mephitic Cloud           Conj/Alch/Air  0%         N/A       99%         3
 Teleport Other           Tloc           0%         N/A       99%         3
 Curse of Agony           Necr           0%         N/A       100%        5
 Silence                  Hex/Air        0%         N/A       100%        5


Dungeon Overview and Level Annotations

Branches:
Dungeon (3/15)

Altars:


Innate Abilities, Weirdness & Mutations

You are amphibious.
You cover ground slowly.
You can hop short distances.
You have an extended range of vision and can be seen from far away.


Message History

The orc wizard casts a spell.
The orc wizard flickers and vanishes!
Deactivating autopickup; reactivate with Ctrl-A.
The orc barely misses you.
An orc comes into view. It is wielding a +0 short sword.
There are monsters nearby!
You barely miss the orc.
The orc shouts!
The orc hits you but does no damage. The orc hits you with a +0 hand axe.
The orc priest mumbles some strange prayers to Beogh against you.
Beogh smites you!
The orc priest calls down the wrath of Beogh upon you.
Beogh smites you! The orc hits you with a +0 hand axe.
* * * LOW HITPOINT WARNING * * *
The orc priest shouts, "The Pantheon deserves no one's loyalty.
Let us show you the true path!" (press Y on the ability menu to convert to Beogh)
Something hits you but does no damage. Something hits you but does no damage.
Something hits you but does no damage.
The orc priest looks encouraged for a moment.
You hear some strange, mumbled words.
You are confused.
You bump into the rock wall.
You bump into the rock wall.
Something hits you but does no damage.
You bump into the rock wall.
You hear some strange, mumbled words.
A puff of flame appears from out of thin air!
The puff of flame hits you.
* * * LOW HITPOINT WARNING * * *
You bump into the rock wall.
Something hits you.
* * * LOW HITPOINT WARNING * * *
You feel less confused. Something hits you but does no damage.
An orc is nearby!
An orc is nearby!
Something hits you but does no damage. Something hits you but does no damage.
The orc priest invokes the aid of Beogh against you.
Beogh smites you!
You die...

########## #........# ########
##....###.# ########### #.......
......#.#.###.....†...# #.######
##......>......†.####.# #.##....
#........###.##.# #.# #.......
#.#.#....# #.##.## #.# ####.##.
#.####.#.# #.##@.# #.# #.##.
#........# #.###.# #.# #.##.
######.### #.###{###.# #o##.
##'## #.........# #.##. ##...##
#####o##### #.##. ##.....## #.#
#.### ##.......## ##o## #.#.#
###.........####.o.##########..<.
..'.........+(...#....oo.o...)...


You could see an orc priest and 2 orcs.

Vanquished Creatures
  Natasha (thrice) (D:2)
  4 gnolls (D:3)
  5 adders
  A dart slug (D:1)
  A ribbon worm (D:2)
  An orc (D:3)
  10 ball pythons
  3 endoplasms (D:2)
  2 giant cockroaches
  4 hobgoblins
  6 bats
  2 frilled lizards
  4 goblins
  7 kobolds
  8 rats
61 creatures vanquished.

Notes
Turn   | Place    | Note
-------+----------+-------------------------------------------
     0 | D:1      | BeKind the Barachi Fighter began the quest for the Orb.
     0 | D:1      | Reached XP level 1. HP: 18/18 MP: 1/1
   117 | D:1      | Reached XP level 2. HP: 25/25 MP: 2/2
   231 | D:1      | Reached skill level 4 in Fighting
   494 | D:1      | Reached XP level 3. HP: 28/30 MP: 3/3
   684 | D:2      | Found a faded altar of an unknown god.
  1099 | D:2      | Reached XP level 4. HP: 37/38 MP: 4/4
  1114 | D:2      | Noticed Natasha
  1121 | D:2      | Killed Natasha
  1297 | D:2      | Noticed Natasha
  1316 | D:2      | Killed Natasha
  1317 | D:2      | Reached XP level 5. HP: 19/43 MP: 5/5
  1494 | D:2      | Noticed Natasha
  1507 | D:2      | Killed Natasha
  2350 | D:3      | Reached skill level 5 in Fighting
  2770 | D:3      | Killed from afar by an orc priest

Illustrated notes

Levels and vault maps discovered:
D:1:      dpeg_arrival_tiny_i, layout_loops_cross,
          chequers_serial_rivers_micro_d
D:2:      layout_basic, nicolae_ecumenical_oubliette, roderic_lattice_a,
          nicolae_twisty_statue_hallways, uniq_natasha
D:3:      layout_loops_corners, serial_shops, nicolae_shop_crystal,
          roderic_serpentine_path

Skill      XL: |  1  2  3  4  5 |
---------------+----------------+-----
Fighting       | 4 5 |  5.0
Armour         | 4 |  4.9
Long Blades    | 3 4 |  4.1
Shields        | 4 |  4.4

Action                     |  1- 3 |  4- 6 || total
---------------------------+-------+-------++-------
  Melee: Long sword        |   131 |   106 ||   237
         Unarmed           |       |    25 ||    25
 Armour: Scale mail        |   133 |   105 ||   238
         Skin              |       |    12 ||    12
  Dodge: Dodged            |    48 |    84 ||   132
  Block: Buckler           |    35 |    27 ||    62

Table legend: (Time is in decaauts)
 A = Elapsed time spent in this place.
 B = Non-inter-level travel time spent in this place.
 C = Inter-level travel time spent in this place.
 D = Time resting spent in this place.
 E = Time spent auto-exploring this place.
 F = Levels seen in this place.
 G = Mean time per level.
                   A        B        C        D        E       F      G
               +--------+--------+--------+--------+--------+-----+--------+
         Total |   3165 |   3115 |     50 |    102 |   2435 |   3 | 1055.0 |
       Dungeon |   3165 |   3115 |     50 |    102 |   2435 |   3 | 1055.0 |
               +--------+--------+--------+--------+--------+-----+--------+

Top non-repeatable levels by time:
     D:2: 1425 daAuts
     D:3: 960 daAuts
     D:1: 780 daAuts
